 Dungeon Crawl Stone Soup version 0.30-a0-358-g0d69a1922f (webtiles) character file.

Game seed: 7646680173346921528

11391 Essalna the Geomancer (level 11, -8/72 HPs)
             Began as a Gargoyle Earth Elementalist on Nov 11, 2022.
             Was a High Priest of Vehumet.
             Mangled by a death yak simulacrum (32 damage)
             ... on level 1 of the Lair of Beasts.
             The game lasted 00:20:58 (10441 turns).

Essalna the Geomancer (GrEE)                       Turns: 10441, Time: 00:20:58

Health: -8/72      AC: 14    Str: 18    XL:     11   Next: 77%
Magic:  13/14      EV: 15    Int: 20    God:    Vehumet [*****.]
Gold:   1665       SH:  0    Dex: 10    Spells: 3/14 levels left

rFire   . . .      SeeInvis .    C - staff of earth
rCold   . . .      Faith    .    (no shield)
rNeg    + . .      Spirit   .    a - +0 robe
rPois   ∞          Reflect  .    m - +2 helmet
rElec   +          Harm     .    n - +0 cloak
rCorr   .          Rampage  .    (no gloves)
Will    .....                    (no boots)
Stlth   ++........               h - amulet of magic regeneration
HPRegen 0.32/turn                e - +6 ring of strength
MPRegen 0.54/turn                y - +4 ring of evasion

@: no status effects
A: sickness immunity, AC +8, negative energy resistance 1, electricity
resistance, torment resistance 1, petrification resistance
a: Renounce Religion


You were on level 1 of the Lair of Beasts.
You worshipped Vehumet.
Vehumet was extremely pleased with you.
You visited 2 branches of the dungeon, and saw 10 of its levels.
You also visited: Sewer and Bailey.

You collected 1665 gold pieces.

Inventory:

Hand Weapons
 f - a +1 dagger of venom
 I - a +1 demon whip of pain
Missiles
 r - 2 throwing nets
Armour
 a - a +0 robe (worn)
 m - a +2 helmet (worn)
 n - a +0 cloak (worn)
 t - a +0 buckler
Magical Staves
 o - a staff of fire
 C - a staff of earth (weapon)
 M - a staff of conjuration
Jewellery
 e - a +6 ring of strength (left hand)
 h - an amulet of magic regeneration (around neck)
 y - a +4 ring of evasion (right hand)
 A - a +4 ring of slaying
 K - a +6 ring of dexterity
 N - a ring of positive energy
 O - an amulet of faith
Wands
 p - a wand of mindburst (6)
 w - a wand of charming (8)
 E - a wand of polymorph (13)
 F - a wand of iceblast (14)
 J - a wand of flame (26)
Scrolls
 u - 3 scrolls of fear
 v - a scroll of blinking
 z - 4 scrolls of identify
 D - a scroll of poison
 G - 2 scrolls of enchant weapon
 H - 2 scrolls of teleportation
Potions
 b - 2 potions of magic
 c - 6 potions of curing
 d - 2 potions of mutation
 g - 2 potions of brilliance
 i - 5 potions of heal wounds
 j - a potion of invisibility
 k - 4 potions of flight
 l - a potion of resistance
 q - 4 potions of attraction {unknown}
 s - 2 potions of haste {unknown}
 x - 3 potions of might {unknown}
 B - 2 potions of berserk rage
 L - 2 potions of ambrosia {unknown}


   Skills:
 + Level 9.9 Fighting
 - Level 1.5 Dodging
 - Level 2.1 Stealth
 - Level 2.0 Spellcasting
 + Level 7.1 Conjurations
 - Level 5.0 Transmutations
 + Level 5.8 Fire Magic
 + Level 12.7 Earth Magic
 + Level 5.8 Poison Magic


You had 3 spell levels left.
You knew the following spells:

 Your Spells              Type           Power      Damage    Failure   Level
a - Sandblast             Erth           100%       2d20      1%          1
b - Stone Arrow           Conj/Erth      100%       3d13      1%          3
c - Ignite Poison         Fire/Tmut/Pois 24%        N/A       1%          3
d - Olgreb's Toxic Radia  Pois           25%        N/A       4%          4

Your spell library contained the following spells:

 Spells                   Type           Power      Damage    Failure   Level
 Yara's Violent Unravell  Hex/Tmut       6%         3d5       36%         5
 Magic Dart               Conj           100%       1d8       1%          1
 Sting                    Tmut/Pois      92%        1d7       1%          1
 Passwall                 Tmut/Erth      45%        N/A       1%          2
 Poisonous Vapours        Pois/Air       26%        N/A       1%          2
 Searing Ray              Conj           60%        2d6       1%          2
 Blink                    Tloc           4%         N/A       24%         2
 Ensorcelled Hibernation  Hex/Ice        4%         N/A       24%         2
 Confusing Touch          Hex            2%         N/A       43%         3
 Vampiric Draining        Necr           2%         2d6       43%         3
 Petrify                  Tmut/Erth      54%        N/A       4%          4
 Fulminant Prism          Conj/Hex       8%         3d7       11%         4
 Manifold Assault         Tloc           2%         N/A       83%         4
 Silence                  Hex/Air        1%         N/A       99%         5
 Storm Form               Tmut/Air       6%         N/A       100%        7


Dungeon Overview and Level Annotations

Branches:
Dungeon (9/15)             Temple (0/1) D:6            Lair (1/5) D:9
  Sewer (visited)          Bailey (visited)
    Orc: D:9-12

Altars:
Kikubaaqudgha
Okawaru
Trog
Vehumet
Xom
Zin

Portals:
Ice
Cave: Lair:1


Innate Abilities, Weirdness & Mutations

You are immune to sickness and miasma.
Your stone body is resilient. (AC +8)
You are immune to poison.
You resist negative energy. (rN+)
You are resistant to electric shocks. (rElec)
You are resistant to unholy torment.
You are immune to petrification.


Message History

You barely miss the butterfly.
You now have 1653 gold pieces (gained 10).
You now have 1665 gold pieces (gained 12).
Key pressed, stopping explore.
F - a wand of iceblast (14) (gained 6 charges)
c - 6 potions of curing (gained 1)
Found a frozen archway.
You hear the faint crackling of a melting archway very nearby.
A death yak simulacrum comes into view.
Found an escape hatch in the floor.
An elephant simulacrum comes into view.
You can't see any susceptible monsters within range! (Use Z to cast anyway.)
You can't see any susceptible monsters within range! (Use Z to cast anyway.)
You feel a surge of power!
The blast of sand hits the death yak simulacrum!
The death yak simulacrum is lightly damaged.
You feel a surge of power!
The blast of sand hits the death yak simulacrum!
The death yak simulacrum is heavily damaged.
You feel a surge of power!
The blast of sand hits the death yak simulacrum!
The death yak simulacrum is severely damaged.
The death yak simulacrum gores you! The death yak simulacrum freezes you!!
You are too injured to fight recklessly!
You are too injured to fight recklessly!
You are too injured to fight recklessly!
You are too injured to fight recklessly!
You are too injured to fight recklessly!
You are too injured to fight recklessly!
You are too injured to fight recklessly!
Casting: Sandblast (safe; 1% risk of failure)
Confirm with . or Enter, or press ? or * to list all spells.
Aiming: Sandblast (safe; 1% risk of failure)
Press: ? - help, Shift-Dir - straight line, f/p - death yak simulacrum
Aim: a death yak simulacrum (severely damaged, 100% to hit)
You feel a surge of power!
The blast of sand hits the death yak simulacrum but does no damage.
The death yak simulacrum is severely damaged.
The death yak simulacrum gores you! The death yak simulacrum freezes you!!
You die...

...............
...............
...............
............∩..
.............
#....Z......
#....Z...# #
#...@....# #
#.......#.# #
##.......# ###
#......#>.# ..#######
#....###.##
.....##.######........
...#.......##.........
...........#.....b....
...................#..


You could see a death yak simulacrum and an elephant simulacrum.

Vanquished Creatures
  A two-headed ogre (D:9)
  A wizard (D:9)
  An elephant (D:9)
  A black mamba (Lair:1)
  Joseph (D:7)
  A cane toad (Lair:1)
  A komodo dragon (D:6)
  A troll (D:9)
  A hornet (D:9)
  Prince Ribbit (D:8)
  5 large abominations (D:9)
  7 small abominations (D:9)
  2 wyverns (D:9)
  3 basilisks
  6 yaks (D:5)
  An acid dragon (D:9)
  A water moccasin (D:7)
  5 orc warriors (Bailey)
  A sky beast (D:7)
  2 black bears
  3 ice beasts
  3 ogres
  5 centaurs
  The ghost of daodarkstar the Trooper, an amateur DsFi (D:3)
  A phantom (D:5)
  A kobold brigand (D:7)
  6 bullfrogs
  A necrophage (D:5)
  A gnoll sergeant (D:6)
  5 scorpions
  11 wights
  4 killer bees (D:9)
  3 hounds
  An orc priest (D:8)
  A gnoll bouda (D:8)
  4 jellies
  5 iguanas
  4 orc wizards
  13 gnolls
  8 adders
  A shadow imp (D:5)
  2 white imps (D:6)
  An ufetubus (D:4)
  4 worms
  3 dart slugs
  24 orcs
  11 ball pythons
  16 endoplasms
  9 giant cockroaches
  22 goblins
  12 hobgoblins
  4 jackals (D:3)
  19 kobolds
  13 quokkas
  5 bats
  18 frilled lizards
  6 rats
294 creatures vanquished.

Vanquished Creatures (collateral kills)
  A dart slug (D:1)
1 creature vanquished.

Vanquished Creatures (others)
  A fungus (D:9)
  7 plants
8 creatures vanquished.

Grand Total: 303 creatures vanquished

Notes
Turn   | Place    | Note
-------+----------+-------------------------------------------
     0 | D:1      | Essalna the Gargoyle Earth Elementalist began the quest for
                  | the Orb.
     0 | D:1      | Reached XP level 1. HP: 10/10 MP: 3/3
    64 | D:1      | Reached skill level 1 in Transmutations
   130 | D:1      | Reached skill level 1 in Fighting
   130 | D:1      | Reached XP level 2. HP: 16/16 MP: 0/5
   225 | D:1      | Found a faded altar of an unknown god.
   483 | D:1      | Reached XP level 3. HP: 21/21 MP: 3/6
  1579 | D:2      | Reached XP level 4. HP: 27/27 MP: 7/7
  2080 | D:3      | Reached XP level 5. HP: 26/32 MP: 2/8
  2544 | D:3      | Found a large runed translucent door.
  2545 | D:3      | Found a large runed translucent door.
  2548 | D:3      | Noticed daodarkstar's ghost (amateur DsFi)
  2791 | D:3      | Learned a level 3 spell: Stone Arrow
  2841 | D:3      | Killed daodarkstar's ghost
  2842 | D:3      | Reached XP level 6. HP: 35/39 MP: 4/9
  3127 | D:4      | Found a shimmering altar of Xom.
  3509 | D:4      | Reached skill level 5 in Fighting
  3619 | D:4      | Found an iron altar of Okawaru.
  3619 | D:4      | Found a radiant altar of Vehumet.
  3622 | D:4      | Found an ancient bone altar of Kikubaaqudgha.
  3622 | D:4      | Found a bloodstained altar of Trog.
  3623 | D:4      | Found a glowing silver altar of Zin.
  3632 | D:4      | Became a worshipper of Vehumet
  4140 | D:5      | Entered Level 5 of the Dungeon
  4151 | D:5      | Found a glowing drain.
  4162 | D:5      | Reached XP level 7. HP: 36/44 MP: 4/10
  4168 | Sewer    | Entered a sewer
  4443 | Sewer    | Reached * piety under Vehumet
  4443 | Sewer    | Offered knowledge of Shock by Vehumet.
  5121 | D:5      | Reached skill level 5 in Transmutations
  5345 | D:5      | Noticed a yak
  5349 | D:5      | Noticed a yak
  5351 | D:5      | Noticed a yak
  5353 | D:5      | Noticed a yak
  5355 | D:5      | Noticed a yak
  5356 | D:5      | Noticed a yak
  5360 | D:5      | Killed a yak
  5361 | D:5      | Reached skill level 5 in Earth Magic
  5361 | D:5      | Reached XP level 8. HP: 31/52 MP: 11/11
  5630 | D:5      | Killed a yak
  5631 | D:5      | Reached skill level 6 in Earth Magic
  5631 | D:5      | Killed a yak
  5631 | D:5      | Killed a yak
  5631 | D:5      | Killed a yak
  5631 | D:5      | Offered knowledge of Poisonous Vapours by Vehumet.
  5632 | D:5      | Reached skill level 8 in Earth Magic
  5640 | D:5      | Killed a yak
  5641 | D:5      | Reached skill level 9 in Earth Magic
  5641 | D:5      | Reached XP level 9. HP: 36/56 MP: 12/12
  5790 | D:5      | Reached ** piety under Vehumet
  5797 | D:5      | Reached skill level 10 in Earth Magic
  6085 | D:6      | Reached skill level 1 in Conjurations
  6109 | D:6      | Noticed a komodo dragon
  6114 | D:6      | Killed a komodo dragon
  6227 | D:6      | Offered knowledge of Ignite Poison by Vehumet.
  6232 | D:6      | Learned a level 3 spell: Ignite Poison
  6436 | D:6      | Found a staircase to the Ecumenical Temple.
  6470 | D:6      | Reached skill level 1 in Fire Magic
  6473 | D:6      | Reached skill level 1 in Poison Magic
  6692 | D:7      | Identified a scroll of acquirement
  6692 | D:7      | Acquired 881 gold pieces
  6732 | D:7      | Reached *** piety under Vehumet
  6735 | D:7      | Reached skill level 11 in Earth Magic
  6738 | D:7      | Reached XP level 10. HP: 64/64 MP: 11/13
  6900 | D:7      | Noticed Joseph
  6918 | D:7      | Found a flagged portal.
  6923 | Bailey   | Entered a bailey
  7041 | Bailey   | Offered knowledge of Kindle Blastsparks by Vehumet.
  7060 | Bailey   | Got Hippufupn's Writings on Spellbinding Profane Secrets
  7329 | D:7      | Killed Joseph
  7510 | D:7      | Reached **** piety under Vehumet
  7658 | D:7      | Learned a level 4 spell: Olgreb's Toxic Radiance
  8009 | D:8      | Offered knowledge of Irradiate by Vehumet.
  8088 | D:8      | Noticed Prince Ribbit
  8096 | D:8      | Killed Prince Ribbit
  8097 | D:8      | Reached skill level 5 in Conjurations
  8455 | D:9      | Noticed a wizard
  8457 | D:9      | Killed a wizard
  8544 | D:9      | Noticed a large abomination
  8544 | D:9      | Noticed a large abomination
  8820 | D:9      | Noticed an elephant
  8851 | D:9      | Reached XP level 11. HP: 70/71 MP: 14/14
  8866 | D:9      | Found a staircase to the Lair.
  8868 | D:9      | Noticed a two-headed ogre
  8872 | D:9      | Killed a two-headed ogre
  8873 | D:9      | Reached skill level 12 in Earth Magic
  9083 | D:9      | Killed a large abomination
  9084 | D:9      | Reached skill level 5 in Fire Magic
  9084 | D:9      | Reached skill level 5 in Poison Magic
  9088 | D:9      | Killed a large abomination
  9733 | D:9      | Reached ***** piety under Vehumet
 10147 | D:9      | Offered knowledge of Yara's Violent Unravelling by Vehumet.
 10225 | D:9      | Identified the +10 trident of Defenestration {vorpal,
                  | Dex+3}
 10226 | D:9      | Identified the +7 war axe of the Four Scars {vorpal, Dex+4}
 10291 | Lair:1   | Entered Level 1 of the Lair of Beasts
 10434 | Lair:1   | Found a frozen archway.
 10441 | Lair:1   | Mangled by a death yak simulacrum

Illustrated notes

Levels and vault maps discovered:
D:1:      elethiomel_arrival_infinity_welcomes_careful_drivers,
          layout_loops_cross, shapermc_ecumenical_altar_hornbeckon,
          minmay_crystal_water
D:2:      layout_basic
D:3:      layout_loops_ring, ebering_ghost_disaster_area, st_stairs_4
D:4:      layout_basic, grunt_temple_overflow_open,
          mainiacjoe_overflow_alcove_4, mrwooster_statue_mirror
D:5:      layout_gridville, cheibrodos_sewer_entry_sluice,
          minmay_fractal_squares_diagonal_5
D:6:      layout_layer_cave, minmay_temple_entry_ruins, minmay_lizard_king
D:7:      layout_loops_ring, enter_bailey_3, uniq_joseph
D:8:      layout_loops_cross, uniq_prince_ribbit1
D:9:      layout_roguey, david_lair_generic, laboratory
Lair:1:   layout_hall_layers, portal_ice_cave_entry_ice_simulacra,
          chequers_serial_rivers_micro_a, infiniplex_staircase_pool_2,
          lemuel_fruit_fields, grunt_megastairs_2

Skill      XL: |  1  2  3  4  5  6  7  8  9 10 11 |
---------------+----------------------------------+-----
Transmutations | 1 2 3 4 5 |  5.0
Fighting       | 1 2 3 4 5 6 7 9 |  9.9
Earth Magic    | 5 9 11 12 | 12.7
Conjurations   | 3 5 7 |  7.1
Fire Magic     | 1 4 5 |  5.8
Poison Magic   | 2 4 5 |  5.8
Dodging        | |  1.5
Stealth        | |  2.1
Spellcasting   | |  2.0

Action                   |  1- 3 |  4- 6 |  7- 9 | 10-12 || total
-------------------------+-------+-------+-------+-------++-------
Melee: Unarmed           |     7 |       |       |       ||     7
       Dagger            |    14 |    31 |     5 |       ||    50
       Staff             |       |       |       |     9 ||     9
 Cast: Sandblast         |    54 |    86 |   193 |   170 ||   503
       Stone Arrow       |       |       |       |    57 ||    57
       Olgreb's Toxic Ra |       |       |       |     1 ||     1
Evoke: Wand              |       |       |     5 |       ||     5
  Use: Scroll            |     4 |     7 |     2 |     6 ||    19
       Potion            |       |     1 |       |       ||     1
 Stab: Sleeping          |     1 |       |       |       ||     1
Armor: Robe              |    19 |    38 |    45 |    34 ||   136
Dodge: Dodged            |    29 |    51 |    67 |   105 ||   252

Table legend: (Time is in decaauts)
 A = Elapsed time spent in this place.
 B = Non-inter-level travel time spent in this place.
 C = Inter-level travel time spent in this place.
 D = Time resting spent in this place.
 E = Time spent auto-exploring this place.
 F = Levels seen in this place.
 G = Mean time per level.
                   A        B        C        D        E       F      G
               +--------+--------+--------+--------+--------+-----+--------+
         Total |  10766 |  10291 |    475 |    116 |   8352 |  12 |  897.2 |
       Dungeon |   9466 |   8991 |    475 |    116 |   7421 |   9 | 1051.8 |
          Lair |    158 |    158 |      0 |      0 |    115 |   1 |  158.0 |
         Sewer |    728 |    728 |      0 |      0 |    551 |   1 |  728.0 |
        Bailey |    413 |    413 |      0 |      0 |    265 |   1 |  413.0 |
               +--------+--------+--------+--------+--------+-----+--------+

Top non-repeatable levels by time:
     D:9: 1954 daAuts
     D:5: 1320 daAuts
     D:4: 1248 daAuts
     D:1: 1152 daAuts
     D:3: 1134 daAuts
   Sewer: 728 daAuts
     D:7: 719 daAuts
     D:2: 678 daAuts
     D:6: 654 daAuts
     D:8: 603 daAuts
  Bailey: 413 daAuts
  Lair:1: 158 daAuts
